| TOP OF THE 1ST |
|
Pittsburgh Pirates batting - Pitching for Miami Marlins : RHP Matt Murray
|
|
Pitching: RHP Matt Murray
|
|
|
Batting: RHB Chiel Palstermans
|
0-0: Ball 1-0: Called Strike 1-1: Ball 2-1: Foul Ball, location: 2F 2-2: Strikes out swinging
|
|
Batting: LHB Xavier Pittman
|
0-0: Called Strike 0-1: Swinging Strike 0-2: Ball 1-2: Ball 2-2: Ball 3-2: Ground out 4-3 (Groundball, 4, EV 84.4 MPH)
|
|
Batting: SHB Marvin McAleer
|
0-0: Called Strike 0-1: Called Strike 0-2: Ball 1-2: Ball 2-2: Strikes out swinging
|
| Top of the 1st over - 0 runs, 0 hits, 0 errors, 0 left on base; Pittsburgh 0 - Miami 0 |
| BOTTOM OF THE 1ST |
|
Miami Marlins batting - Pitching for Pittsburgh Pirates : RHP Josh Markham
|
|
Pitching: RHP Josh Markham
|
|
|
Batting: RHB Roger Salazar
|
0-0: Called Strike 0-1: Called Strike 0-2: Ball 1-2: Foul Ball, location: 2F 1-2: Foul Ball, location: 2F 1-2: Foul Ball, location: 2F 1-2: Ball 2-2: Fly out, F7 (Flyball, 78S, EV 85.6 MPH)
|
|
Batting: RHB Bert Clark
|
0-0: Ball 1-0: Foul Ball, location: 2F 1-1: Foul Ball, location: 2F 1-2: Strikes out swinging
|
|
Batting: LHB Andre Gorter
|
0-0: Foul Ball, location: 2F 0-1: Ball 1-1: Foul Ball, location: 2F 1-2: Ball 2-2: Foul Ball, location: 2F 2-2: Ball 3-2: Foul Ball, location: 2F 3-2: Base on Balls
|
|
Batting: RHB Jimmy Groseclose
|
0-0: Called Strike 0-1: Called Strike 0-2: Ball 1-2: Ground out 1-3 (Groundball, 13S, EV 64.4 MPH)
|
| Bottom of the 1st over - 0 runs, 0 hits, 0 errors, 1 left on base; Pittsburgh 0 - Miami 0 |
| TOP OF THE 2ND |
|
Pittsburgh Pirates batting - Pitching for Miami Marlins : RHP Matt Murray
|
|
Batting: RHB David Contreras
|
0-0: Ball 1-0: Called Strike 1-1: Ball 2-1: Swinging Strike 2-2: Strikes out looking
|
|
Batting: LHB Micah Boshnjaku
|
0-0: Called Strike 0-1: Ball 1-1: Ball 2-1: Ball 3-1: Base on Balls
|
|
Batting: LHB Chris Salim
|
0-0: Ball 1-0: Called Strike Micah Boshnjaku steals 2nd base 1-1: Ball 2-1: SINGLE (Groundball, 6D, EV 105.0 MPH) Micah Boshnjaku to third Runner from 3rd tries for Home, SAFE, throw by CF to home Chris Salim to second
|
|
Batting: RHB Andrew Robinson
|
0-0: Called Strike 0-1: Foul Ball, location: 2F 0-2: Foul Ball, location: 2F 0-2: Ball 1-2: Ball 2-2: Foul Ball, location: 2F 2-2: Foul Ball, location: 2F 2-2: SINGLE (Line Drive, 4MD, EV 94.4 MPH) Chris Salim to third
|
|
Batting: RHB Jason Moss
|
0-0: Called Strike 0-1: Ball 1-1: Called Strike 1-2: Foul Ball, location: 2F 1-2: Fielders Choice at 2nd, 3-6 (Groundball, 34S, EV 83.1 MPH) Chris Salim scores
|
|
Batting: SHB Brad Day
|
0-0: Swinging Strike 0-1: Ball 1-1: Ball 2-1: Called Strike 2-2: Fly out, F9 (Flyball, 89M, EV 78.8 MPH)
|
| Top of the 2nd over - 2 runs, 2 hits, 0 errors, 1 left on base; Pittsburgh 2 - Miami 0 |
| BOTTOM OF THE 2ND |
|
Miami Marlins batting - Pitching for Pittsburgh Pirates : RHP Josh Markham
|
|
Batting: RHB Tony Stedman
|
0-0: Foul Ball, location: 2F 0-1: Called Strike 0-2: Foul Ball, location: 2F 0-2: Strikes out swinging
|
|
Batting: LHB Adam Durgin
|
0-0: Ground out 6-3 (Groundball, 6MS, EV 90.6 MPH)
|
|
Batting: RHB Mike Gar
|
0-0: Called Strike 0-1: Fly out, F6 (Popup, 6, EV 66.9 MPH)
|
| Bottom of the 2nd over - 0 runs, 0 hits, 0 errors, 0 left on base; Pittsburgh 2 - Miami 0 |
| TOP OF THE 3RD |
|
Pittsburgh Pirates batting - Pitching for Miami Marlins : RHP Matt Murray
|
|
Batting: RHB Chiel Palstermans
|
0-0: Ball 1-0: Ball 2-0: Foul Ball, location: 2F 2-1: Ball 3-1: Foul Ball, location: 2F 3-2: Ground out 5-3 (Groundball, 56S, EV 87.5 MPH)
|
|
Batting: LHB Xavier Pittman
|
0-0: Ball 1-0: Called Strike 1-1: Ball 2-1: Swinging Strike 2-2: Ground out U3 (Groundball, 3, EV 89.4 MPH)
|
|
Batting: SHB Marvin McAleer
|
0-0: Called Strike 0-1: Ball 1-1: Ball 2-1: Ball 3-1: Base on Balls
|
|
Pitching: RHP Ryan Kominski
|
|
|
Batting: RHB David Contreras
|
0-0: Ball 1-0: Ball 2-0: Called Strike 2-1: Swinging Strike 2-2: Foul Ball, location: 2F 2-2: Ball Wild Pitch! Marvin McAleer to second 3-2: Base on Balls
|
|
Batting: LHB Micah Boshnjaku
|
0-0: Ball 1-0: Fly out, F7 (Flyball, 7S, EV 87.5 MPH)
|
| Top of the 3rd over - 0 runs, 0 hits, 0 errors, 2 left on base; Pittsburgh 2 - Miami 0 |
| BOTTOM OF THE 3RD |
|
Miami Marlins batting - Pitching for Pittsburgh Pirates : RHP Josh Markham
|
|
Batting: RHB Zhi-bin Ou-yang
|
0-0: Called Strike 0-1: Foul Ball, location: 2F 0-2: Ball 1-2: Ground out 6-3 (Groundball, 6, EV 84.4 MPH)
|
|
Batting: RHB Alberto Cotto
|
0-0: Called Strike 0-1: Called Strike 0-2: Fly out, F9 (Flyball, 89M, EV 83.8 MPH)
|
|
Batting: RHB Roger Salazar
|
0-0: Ball 1-0: Foul Ball, location: 2F 1-1: Ball 2-1: Ball 3-1: Fly out, F9 (Flyball, 9, EV 93.1 MPH)
|
| Bottom of the 3rd over - 0 runs, 0 hits, 0 errors, 0 left on base; Pittsburgh 2 - Miami 0 |
| TOP OF THE 4TH |
|
Pittsburgh Pirates batting - Pitching for Miami Marlins : RHP Ryan Kominski
|
|
Batting: LHB Chris Salim
|
0-0: Ball 1-0: DOUBLE (Line Drive, 78XD, EV 100.6 MPH)
|
|
Batting: RHB Andrew Robinson
|
0-0: Ball 1-0: Ball 2-0: Called Strike 2-1: Foul Ball, location: 2F 2-2: Foul Ball, location: 2F 2-2: Foul Ball, location: 2F 2-2: Ball 3-2: Base on Balls
|
|
Batting: RHB Jason Moss
|
0-0: Ball 1-0: Ball 2-0: Fly out, F8 (Flyball, 89M, EV 83.8 MPH)
|
|
Batting: SHB Brad Day
|
0-0: Called Strike 0-1: Called Strike 0-2: Ball 1-2: Strikes out swinging
|
|
Pinch Hitting: RHB Bubba Tierney
|
0-0: Ball 1-0: Foul Ball, location: 2F 1-1: Swinging Strike 1-2: Fielders Choice at 2nd, 6-4 (Groundball, 6, EV 75.6 MPH)
|
| Top of the 4th over - 0 runs, 1 hit, 0 errors, 2 left on base; Pittsburgh 2 - Miami 0 |
| BOTTOM OF THE 4TH |
|
Miami Marlins batting - Pitching for Pittsburgh Pirates : RHP Josh Markham
|
|
Now at SS: Bubba Tierney
|
|
|
Batting: RHB Bert Clark
|
0-0: Foul Ball, location: 2F 0-1: Ball 1-1: Ball 2-1: Foul Ball, location: 2F 2-2: Ground out 6-3 (Groundball, 6S, EV 73.1 MPH)
|
|
Batting: LHB Andre Gorter
|
0-0: Ball 1-0: Ball 2-0: Fly out, F8 (Flyball, 8LM, EV 90.6 MPH)
|
|
Batting: RHB Jimmy Groseclose
|
0-0: Ball 1-0: Foul Ball, location: 2F 1-1: Ball 2-1: SOLO HOME RUN (Line Drive, 9D, EV 97.5 MPH), Distance : 370 ft
|
|
Batting: RHB Tony Stedman
|
0-0: Called Strike 0-1: Foul Ball, location: 2F 0-2: Ball 1-2: Strikes out swinging
|
| Bottom of the 4th over - 1 run, 1 hit, 0 errors, 0 left on base; Pittsburgh 2 - Miami 1 |
| TOP OF THE 5TH |
|
Pittsburgh Pirates batting - Pitching for Miami Marlins : RHP Ryan Kominski
|
|
Now in CF: Harrie de Kam
|
|
|
Batting: LHB Xavier Pittman
|
0-0: Ball 1-0: Foul Ball, location: 2F 1-1: Ball 2-1: Called Strike 2-2: Ball 3-2: Base on Balls
|
|
Batting: SHB Marvin McAleer
|
0-0: Called Strike 0-1: Foul Ball, location: 2F 0-2: Ball 1-2: SINGLE (Groundball, 6D, EV 108.8 MPH) Xavier Pittman to second
|
|
Batting: RHB David Contreras
|
0-0: Ball 1-0: Ball 2-0: Called Strike 2-1: Fielders Choice at 2nd, 6-4 (Groundball, 6, EV 83.8 MPH) Xavier Pittman to third
|
|
Batting: LHB Micah Boshnjaku
|
0-0: Called Strike 0-1: Ball 1-1: Ball 2-1: Called Strike 2-2: Ball 3-2: SINGLE (Flyball, 6D, EV 97.5 MPH) Xavier Pittman scores David Contreras to second
|
|
Batting: LHB Chris Salim
|
0-0: Ball 1-0: Called Strike 1-1: Foul Ball, location: 2F 1-2: Ball 2-2: Ball 3-2: SINGLE (Line Drive, 8LS, EV 95.6 MPH) David Contreras to third Micah Boshnjaku to second Runner from 3rd tries for Home, SAFE, throw by CF to home
|
|
Pinch Hitting: RHB Chris Pozzi
|
0-0: Ball 1-0: Ball 2-0: Swinging Strike 2-1: Ball 3-1: Base on Balls Micah Boshnjaku to third Chris Salim to second
|
|
Batting: RHB Jason Moss
|
0-0: Foul Ball, location: 2F 0-1: Swinging Strike 0-2: Ball 1-2: SINGLE (Groundball, 56, EV 105.6 MPH) - runner OUT being hit by batted ball. (infield hit) Chris Pozzi to second
|
|
Batting: SHB Brad Day
|
0-0: Called Strike 0-1: SINGLE (Flyball, 8RS, EV 94.4 MPH) Micah Boshnjaku scores Chris Pozzi to third Jason Moss to second Runner from 3rd tries for Home, SAFE, throw by CF to home
|
|
Pitching: RHP Mike Powell
|
|
|
Batting: RHB Bubba Tierney
|
0-0: Called Strike 0-1: Ball 1-1: Ball 2-1: Called Strike 2-2: Strikes out swinging
|
| Top of the 5th over - 4 runs, 5 hits, 0 errors, 2 left on base; Pittsburgh 6 - Miami 1 |
| BOTTOM OF THE 5TH |
|
Miami Marlins batting - Pitching for Pittsburgh Pirates : RHP Josh Markham
|
|
Pitching: RHP Josh Ambrose
|
|
|
Now at C: Trevor Weareorwear
|
|
|
Now at 1B: Chris Pozzi
|
|
|
Now at 3B: Jack Andrews
|
|
|
Now in CF: Sammy Roddenberry
|
|
|
Batting: LHB Adam Durgin
|
0-0: Called Strike 0-1: Swinging Strike 0-2: Foul Ball, location: 2F 0-2: Fly out, F6 (Popup, 6MD, EV 53.1 MPH)
|
|
Batting: RHB Mike Gar
|
0-0: Foul Ball, location: 2F 0-1: Ball 1-1: Ground out 4-3 (Groundball, 4, EV 99.4 MPH)
|
|
Batting: RHB Zhi-bin Ou-yang
|
0-0: Foul Ball, location: 2F 0-1: Called Strike 0-2: Ball 1-2: DOUBLE (Groundball, 5L, EV 103.1 MPH)
|
|
Batting: RHB Alberto Cotto
|
0-0: Called Strike 0-1: Swinging Strike 0-2: Ball 1-2: Strikes out swinging
|
| Bottom of the 5th over - 0 runs, 1 hit, 0 errors, 1 left on base; Pittsburgh 6 - Miami 1 |
| TOP OF THE 6TH |
|
Pittsburgh Pirates batting - Pitching for Miami Marlins : RHP Mike Powell
|
|
Now at 1B: Akira Suzuki
|
|
|
Now at 2B: Ramon Martinez
|
|
|
Now at SS: Rafael Irizarry
|
|
|
Pinch Hitting: RHB Richard Barrios
|
0-0: Ground out 6-3 (Groundball, 6MS, EV 61.2 MPH)
|
|
Pinch Hitting: RHB Raul Mendoza
|
0-0: Called Strike 0-1: Called Strike 0-2: Ball 1-2: Foul Ball, location: 2F 1-2: Foul Ball, location: 2F 1-2: Strikes out swinging
|
|
Batting: SHB Jack Andrews
|
0-0: Ground out 6-3 (Groundball, 4M, EV 86.2 MPH)
|
| Top of the 6th over - 0 runs, 0 hits, 0 errors, 0 left on base; Pittsburgh 6 - Miami 1 |
| BOTTOM OF THE 6TH |
|
Miami Marlins batting - Pitching for Pittsburgh Pirates : RHP Josh Ambrose
|
|
Pitching: RHP Hugo Rodriguez
|
|
|
Now at 2B: Richard Barrios
|
|
|
Now in LF: Jorge Quintana
|
|
|
Now in RF: Raul Mendoza
|
|
|
Batting: SHB Ramon Martinez
|
0-0: Ball 1-0: Swinging Strike 1-1: Ball 2-1: Called Strike 2-2: Strikes out looking
|
|
Pinch Hitting: LHB David Doge
|
0-0: Ball 1-0: Ball 2-0: Ball 3-0: Base on Balls
|
|
Batting: RHB Harrie de Kam
|
0-0: Ball 1-0: Foul Ball, location: 2F 1-1: Swinging Strike 1-2: Ball 2-2: Strikes out swinging
|
|
Pinch Hitting: LHB Jose Bregaro
|
0-0: Called Strike David Doge is caught stealing 2nd base 2-6
|
| Bottom of the 6th over - 0 runs, 0 hits, 0 errors, 0 left on base; Pittsburgh 6 - Miami 1 |
| TOP OF THE 7TH |
|
Pittsburgh Pirates batting - Pitching for Miami Marlins : RHP Mike Powell
|
|
Now in LF: Jose Bregaro
|
|
|
Now in CF: David Doge
|
|
|
Now in RF: Harrie de Kam
|
|
|
Batting: LHB Sammy Roddenberry
|
0-0: Foul Ball, location: 2F 0-1: Hit by Pitch
|
|
Batting: LHB Jorge Quintana
|
0-0: Ball 1-0: Ball Sammy Roddenberry steals 2nd base 2-0: Foul Ball, location: 2F 2-1: DOUBLE (Line Drive, 78D, EV 108.8 MPH) Sammy Roddenberry scores
|
|
Batting: RHB Chris Pozzi
|
0-0: Ball 1-0: Ball 2-0: Ball 3-0: Base on Balls
|
|
Batting: RHB Etsuro Hosokawa
|
0-0: Foul Ball, location: 2F 0-1: Ball 1-1: Fly out, F8 (Flyball, 8RM, EV 93.8 MPH)
|
|
Batting: SHB Trevor Weareorwear
|
0-0: Ball 1-0: Called Strike 1-1: Grounds out, U3 (Groundball, 3L, EV 104.4 MPH) Jorge Quintana to third
|
|
Batting: RHB Bubba Tierney
|
0-0: Ball 1-0: Called Strike 1-1: Swinging Strike 1-2: Strikes out swinging
|
| Top of the 7th over - 1 run, 1 hit, 0 errors, 2 left on base; Pittsburgh 7 - Miami 1 |
| BOTTOM OF THE 7TH |
|
Miami Marlins batting - Pitching for Pittsburgh Pirates : RHP Hugo Rodriguez
|
|
Pitching: RHP Jeremy Kennie
|
|
|
Batting: LHB Jose Bregaro
|
0-0: Ground out 4-3 (Groundball, 4, EV 102.5 MPH)
|
|
Batting: RHB Tony Stedman
|
0-0: Swinging Strike 0-1: Ball 1-1: Ball 2-1: Foul Ball, location: 2F 2-2: Strikes out swinging
|
|
Batting: RHB Manuel Taveras
|
0-0: Called Strike 0-1: Called Strike 0-2: Foul Ball, location: 2F 0-2: Strikes out swinging
|
| Bottom of the 7th over - 0 runs, 0 hits, 0 errors, 0 left on base; Pittsburgh 7 - Miami 1 |
| TOP OF THE 8TH |
|
Pittsburgh Pirates batting - Pitching for Miami Marlins : RHP Mike Powell
|
|
Pitching: RHP J.P. Wilson
|
|
|
Batting: RHB Richard Barrios
|
0-0: Ball 1-0: Called Strike 1-1: Foul Ball, location: 2F 1-2: Strikes out looking
|
|
Batting: RHB Raul Mendoza
|
0-0: Hit by Pitch
|
|
Batting: SHB Jack Andrews
|
0-0: Ball Raul Mendoza steals 2nd base 1-0: SINGLE (Line Drive, 8RS, EV 107.5 MPH) Raul Mendoza to third Runner from 3rd tries for Home, SAFE, throw by CF to home
|
|
Batting: LHB Sammy Roddenberry
|
0-0: Fly out, F8 (Flyball, 8RM, EV 90.6 MPH)
|
|
Batting: LHB Jorge Quintana
|
0-0: Fly out, F8 (Flyball, 8RD, EV 85.6 MPH)
|
| Top of the 8th over - 1 run, 1 hit, 0 errors, 1 left on base; Pittsburgh 8 - Miami 1 |
| BOTTOM OF THE 8TH |
|
Miami Marlins batting - Pitching for Pittsburgh Pirates : RHP Jeremy Kennie
|
|
Pitching: LHP Marko Emchenko
|
|
|
Pinch Hitting: RHB Reomel Somera
|
0-0: Ball 1-0: Ground out 4-3 (Groundball, 34, EV 85.0 MPH)
|
|
Batting: RHB Rafael Irizarry
|
0-0: Called Strike 0-1: Swinging Strike 0-2: Ball 1-2: Strikes out swinging
|
|
Pinch Hitting: RHB Masumitsu Sugiura
|
0-0: Swinging Strike 0-1: Ball 1-1: Swinging Strike 1-2: Ball 2-2: Strikes out swinging
|
| Bottom of the 8th over - 0 runs, 0 hits, 0 errors, 0 left on base; Pittsburgh 8 - Miami 1 |
| TOP OF THE 9TH |
|
Pittsburgh Pirates batting - Pitching for Miami Marlins : RHP J.P. Wilson
|
|
Pitching: RHP Chris Nickerson
|
|
|
Now at 1B: Jeff Tavella
|
|
|
Now at 3B: Masumitsu Sugiura
|
|
|
Batting: RHB Chris Pozzi
|
0-0: Called Strike 0-1: Foul Ball, location: 2F 0-2: Ball 1-2: Ball 2-2: Ball 3-2: Foul Ball, location: 2F 3-2: Foul Ball, location: 2F 3-2: Strikes out swinging
|
|
Batting: RHB Etsuro Hosokawa
|
0-0: Foul Ball, location: 2F 0-1: Foul Ball, location: 2F 0-2: Strikes out swinging
|
|
Batting: SHB Trevor Weareorwear
|
0-0: Fly out, F8 (Flyball, 8RM, EV 88.8 MPH)
|
| Top of the 9th over - 0 runs, 0 hits, 0 errors, 0 left on base; Pittsburgh 8 - Miami 1 |
| BOTTOM OF THE 9TH |
|
Miami Marlins batting - Pitching for Pittsburgh Pirates : LHP Marko Emchenko
|
|
Pitching: RHP Justin West
|
|
|
Batting: SHB Ramon Martinez
|
0-0: Ball 1-0: Called Strike 1-1: Ball 2-1: DOUBLE (Groundball, 5L, EV 98.8 MPH)
|
|
Batting: LHB David Doge
|
0-0: Foul Ball, location: 2F 0-1: Called Strike 0-2: Ground out 4-3 (Groundball, 34D, EV 106.2 MPH) Ramon Martinez to third
|
|
Pinch Hitting: LHB Eric Bailey
|
0-0: Ball 1-0: Ball 2-0: Ball 3-0: Base on Balls
|
|
Batting: LHB Jose Bregaro
|
0-0: Ball 1-0: Ball 2-0: SINGLE (Groundball, 4, EV 96.9 MPH) Ramon Martinez scores Eric Bailey to second
|
|
Pinch Hitting: SHB Jordan Barragan
|
0-0: Ball 1-0: Ball 2-0: Ball 3-0: Called Strike 3-1: Called Strike 3-2: Strikes out swinging
|
|
Batting: RHB Manuel Taveras
|
0-0: Ball 1-0: Called Strike 1-1: SINGLE (Line Drive, 6MD, EV 105.0 MPH) Eric Bailey to third Jose Bregaro to second
|
|
Batting: LHB Jeff Tavella
|
0-0: Fly out, F8 (Flyball, 78S, EV 94.4 MPH)
|
| Bottom of the 9th over - 1 run, 3 hits, 0 errors, 3 left on base; Pittsburgh 8 - Miami 2 |
|